BSA
TORONTO TITANS @ PORTLAND PHILOSPHER KINGS
03/23/2024
 
TOP OF THE 1ST
Toronto Titans batting - Pitching for Portland Philospher Kings : RHP Luis López
Pitching: RHP Luis López
Batting: SHB Ryobe Yamamoto 0-0: Swinging Strike
0-1: Ball
1-1: Ball
2-1: SINGLE (Flyball, 7S)
Batting: LHB Lewis Barr 0-0: Ball
Ryobe Yamamoto steals 2nd base
1-0: Ball
2-0: SINGLE (Groundball, 56D)
Ryobe Yamamoto to third
Batting: RHB Matt Doyle 0-0: Ball
1-0: Ball
2-0: DOUBLE (Line Drive, 7D)
Ryobe Yamamoto scores
Lewis Barr to third
Runner from 3rd tries for Home, throw and OUT!
Batting: LHB Anacleto Morillo 0-0: Ball
1-0: Fly out, F7 (Flyball, 7LD)
Runner from 2nd tags up, SAFE at 3rd, no throw
Batting: RHB Manuel González 0-0: Ball
1-0: Fly out, F8 (Flyball, 8RXD)
Top of the 1st over - 1 run(s), 3 hit(s), 0 error(s), 1 left on base; Toronto 1 - Portland 0
BOTTOM OF THE 1ST
Portland Philospher Kings batting - Pitching for Toronto Titans : LHP Kent Robinson
Pitching: LHP Kent Robinson
Batting: RHB Dani Vázquez 0-0: Ball
1-0: Called Strike
1-1: Ground out 6-3 (Groundball, 6M)
Batting: RHB Paco Arellano 0-0: SINGLE (Groundball, 23) (infield hit)
Batting: RHB Lorenzo Morín 0-0: Ball
1-0: Called Strike
1-1: Hit by Pitch
Paco Arellano to second
Batting: SHB José Alomar 0-0: Ball
1-0: Ball
2-0: Ball
3-0: Called Strike
3-1: Foul Ball, location: 2F
3-2: DOUBLE (Line Drive, 78D)
Paco Arellano scores
Lorenzo Morín to third
Batting: LHB Jeff Daniels 0-0: Called Strike
0-1: Ball
1-1: Ball
2-1: Ground out 6-3 (Groundball, 6)
Lorenzo Morín scores
Batting: RHB Germán Rosales 0-0: Ball
1-0: Ball
2-0: Swinging Strike
2-1: Foul Ball, location: 2F
2-2: 2-RUN HOME RUN (Line Drive, 7D), Distance : 391 ft
Batting: LHB Tom Blake 0-0: Ball
1-0: Ball
2-0: Ball
3-0: Called Strike
3-1: Base on Balls
Batting: RHB Kazushige Aoki 0-0: Foul Ball, location: 2F
0-1: Swinging Strike
0-2: Strikes out swinging
Bottom of the 1st over - 4 run(s), 3 hit(s), 0 error(s), 1 left on base; Toronto 1 - Portland 4
TOP OF THE 2ND
Toronto Titans batting - Pitching for Portland Philospher Kings : RHP Luis López
Batting: RHB Alberto Velásquez 0-0: Ball
1-0: Called Strike
1-1: Called Strike
1-2: Strikes out swinging
Batting: RHB Jeff Packard 0-0: Ball
1-0: Swinging Strike
1-1: Ball
2-1: DOUBLE (Line Drive, 8LXD)
Batting: RHB David Murray 0-0: Ball
1-0: Ball
2-0: Ball
3-0: Called Strike
3-1: Fly out, F2 (Popup, 2RF)
Batting: RHB Gilberto López 0-0: Called Strike
0-1: Ball
1-1: Swinging Strike
1-2: Foul Ball, location: 2F
1-2: Foul Ball, location: 2F
1-2: Foul Ball, location: 2F
1-2: Foul Ball, location: 2F
1-2: Ball
2-2: Foul Ball, location: 2F
2-2: Foul Ball, location: 2F
2-2: Ball
3-2: Ground out 5-3 (Groundball, 56S)
Top of the 2nd over - 0 run(s), 1 hit(s), 0 error(s), 1 left on base; Toronto 1 - Portland 4
BOTTOM OF THE 2ND
Portland Philospher Kings batting - Pitching for Toronto Titans : LHP Kent Robinson
Batting: LHB Bill Bertrand 0-0: Foul Ball, location: 2F
0-1: Swinging Strike
0-2: Ball
1-2: Ball
2-2: Ball
3-2: Fly out, F4 (Line Drive, 34D)
Batting: RHB Dani Vázquez 0-0: Ball
1-0: Ball
2-0: Ball
3-0: Called Strike
3-1: Ground out 1-3 (Groundball, 23)
Batting: RHB Paco Arellano 0-0: Ball
1-0: Ground out 4-3 (Groundball, 4)
Bottom of the 2nd over - 0 run(s), 0 hit(s), 0 error(s), 0 left on base; Toronto 1 - Portland 4
TOP OF THE 3RD
Toronto Titans batting - Pitching for Portland Philospher Kings : RHP Luis López
Batting: SHB Ryobe Yamamoto 0-0: Ball
1-0: Foul Ball, location: 2F
1-1: Foul Ball, location: 2F
1-2: Ball
2-2: Ball
3-2: Foul Ball, location: 2F
3-2: Fly out, F8 (Flyball, 8LD)
Batting: LHB Lewis Barr 0-0: Foul Ball, location: 2F
0-1: Swinging Strike
0-2: Strikes out swinging
Batting: RHB Matt Doyle 0-0: Foul Ball, location: 2F
0-1: Foul Ball, location: 2F
0-2: Ball
1-2: Ground out 6-3 (Groundball, 6)
Top of the 3rd over - 0 run(s), 0 hit(s), 0 error(s), 0 left on base; Toronto 1 - Portland 4
BOTTOM OF THE 3RD
Portland Philospher Kings batting - Pitching for Toronto Titans : LHP Kent Robinson
Batting: RHB Lorenzo Morín 0-0: Ball
1-0: Ball
2-0: Swinging Strike
2-1: Fly out, F9 (Flyball, 89S)
Batting: SHB José Alomar 0-0: Ground out 6-3 (Groundball, 6M)
Batting: LHB Jeff Daniels 0-0: Ball
1-0: Ball
2-0: Called Strike
2-1: DOUBLE (Line Drive, 7LS)
Batting: RHB Germán Rosales 0-0: 2-RUN HOME RUN (Flyball, 9D), Distance : 381 ft
Batting: LHB Tom Blake 0-0: Ball
1-0: Ball
2-0: Called Strike
2-1: SINGLE (Line Drive, 56)
Batting: RHB Kazushige Aoki 0-0: Called Strike
0-1: Foul Ball, location: 2F
0-2: Ball
1-2: Fly out, F8 (Flyball, 8LXD)
Bottom of the 3rd over - 2 run(s), 3 hit(s), 0 error(s), 1 left on base; Toronto 1 - Portland 6
TOP OF THE 4TH
Toronto Titans batting - Pitching for Portland Philospher Kings : RHP Luis López
Batting: LHB Anacleto Morillo 0-0: Foul Ball, location: 2F
0-1: Ball
1-1: DOUBLE (Flyball, 9LD)
Batting: RHB Manuel González 0-0: Fly out, F8 (Flyball, 8RM)
Batting: RHB Alberto Velásquez 0-0: Ball
1-0: Called Strike
1-1: Fly out, F7 (Flyball, 8LD)
Batting: RHB Jeff Packard 0-0: Ground out 4-3 (Groundball, 4M)
Top of the 4th over - 0 run(s), 1 hit(s), 0 error(s), 1 left on base; Toronto 1 - Portland 6
BOTTOM OF THE 4TH
Portland Philospher Kings batting - Pitching for Toronto Titans : LHP Kent Robinson
Batting: LHB Bill Bertrand 0-0: Foul Ball, location: 2F
0-1: Ball
1-1: Foul Ball, location: 2F
1-2: Foul Ball, location: 2F
1-2: Ball
2-2: DOUBLE (Line Drive, 9LS)
Batting: RHB Dani Vázquez 0-0: Called Strike
0-1: Ball
1-1: Fly out, F7 (Flyball, 78M)
Batting: RHB Paco Arellano 0-0: Swinging Strike
0-1: Swinging Strike
0-2: DOUBLE (Groundball, 5L)
Bill Bertrand scores
Batting: RHB Lorenzo Morín 0-0: Ground out 6-3 (Groundball, 6)
Batting: SHB José Alomar 0-0: Called Strike
0-1: Ball
1-1: Called Strike
1-2: Ball
Wild Pitch!
Paco Arellano to third
2-2: 2-RUN HOME RUN (Flyball, 7D), Distance : 381 ft
Batting: LHB Jeff Daniels 0-0: Ball
1-0: Ball
2-0: Ground out U3 (Groundball, 3)
Bottom of the 4th over - 3 run(s), 3 hit(s), 0 error(s), 0 left on base; Toronto 1 - Portland 9
TOP OF THE 5TH
Toronto Titans batting - Pitching for Portland Philospher Kings : RHP Luis López
Pitching: LHP Pedro Torres
Batting: RHB David Murray 0-0: Ball
1-0: Ground out 5-3 (Groundball, 5S)
Batting: RHB Gilberto López 0-0: Ball
1-0: Foul Ball, location: 2F
1-1: Ball
2-1: Ball
3-1: Called Strike
3-2: Ground out 5-3 (Groundball, 5)
Batting: SHB Ryobe Yamamoto 0-0: Ball
1-0: Foul Ball, location: 2F
1-1: Ball
2-1: Foul Ball, location: 2F
2-2: Foul Ball, location: 2F
2-2: Ball
3-2: Fly out, F6 (Popup, 6MD)
Top of the 5th over - 0 run(s), 0 hit(s), 0 error(s), 0 left on base; Toronto 1 - Portland 9
BOTTOM OF THE 5TH
Portland Philospher Kings batting - Pitching for Toronto Titans : LHP Kent Robinson
Pitching: RHP Roland Harrison
Batting: RHB Germán Rosales 0-0: Ball
1-0: Ball
2-0: Ball
3-0: Base on Balls
Batting: LHB Tom Blake 0-0: Ball
1-0: Foul Ball, location: 2F
1-1: Ball
2-1: Foul Ball, location: 2F
2-2: Foul Ball, location: 2F
2-2: Foul Ball, location: 2F
2-2: Foul Ball, location: 2F
2-2: Ball
3-2: SINGLE (Line Drive, 78S)
Germán Rosales to second
Batting: RHB Kazushige Aoki 0-0: Swinging Strike
0-1: Ball
1-1: Ball
2-1: Ball
3-1: Base on Balls
Germán Rosales to third
Tom Blake to second
Pitching: RHP Pablo Cabral
Batting: LHB Bill Bertrand 0-0: Called Strike
0-1: Fly out, F8 (Line Drive, 89D)
Runner from 3rd tags up, SCORES, no throw
Tom Blake to third
Pinch Hitting: LHB Keith Beard 0-0: Foul Ball, location: 2F
0-1: Ball
1-1: Grounds into double play, 4-6-3 (Groundball, 34)
Bottom of the 5th over - 1 run(s), 1 hit(s), 0 error(s), 1 left on base; Toronto 1 - Portland 10
TOP OF THE 6TH
Toronto Titans batting - Pitching for Portland Philospher Kings : LHP Pedro Torres
Now at SS: Elpidio Martinho
Batting: LHB Lewis Barr 0-0: Foul Ball, location: 2F
0-1: Ball
1-1: Fly out, F6 (Line Drive, 6M)
Batting: RHB Matt Doyle 0-0: Ball
1-0: Ball
2-0: Foul Ball, location: 2F
2-1: Reached on error, E1 (Groundball, 13S)
Batting: LHB Anacleto Morillo 0-0: Swinging Strike
0-1: Called Strike
0-2: Ball
1-2: Ball
2-2: Strikes out swinging
Batting: RHB Manuel González 0-0: Called Strike
0-1: Fly out, F7 (Flyball, 7D)
Top of the 6th over - 0 run(s), 0 hit(s), 1 error(s), 1 left on base; Toronto 1 - Portland 10
BOTTOM OF THE 6TH
Portland Philospher Kings batting - Pitching for Toronto Titans : RHP Pablo Cabral
Pinch Hitting: SHB Vicente Martínez 0-0: Called Strike
0-1: Ball
1-1: Foul Ball, location: 2F
1-2: SINGLE (Line Drive, 8LS)
Batting: RHB Carlos García 0-0: Ball
1-0: Called Strike
1-1: Foul Ball, location: 2F
1-2: Foul Ball, location: 2F
1-2: Ball
2-2: Foul Ball, location: 2F
2-2: Strikes out swinging
Pitching: LHP Roberto Vázquez
Pinch Hitting: RHB Lonson Seals 0-0: Called Strike
0-1: Ball
1-1: Ball
2-1: Foul Ball, location: 2F
2-2: Fielders Choice at 2nd, 6-4 (Groundball, 6M)
Pinch Hitting: RHB Juan Rico Balk!
Lonson Seals to second
0-0: Swinging Strike
0-1: Called Strike
0-2: Foul Ball, location: 2F
0-2: Ball
Passed Ball!
Lonson Seals to third
1-2: Strikes out swinging
Bottom of the 6th over - 0 run(s), 1 hit(s), 0 error(s), 1 left on base; Toronto 1 - Portland 10
TOP OF THE 7TH
Toronto Titans batting - Pitching for Portland Philospher Kings : LHP Pedro Torres
Pitching: LHP Rob Greene
Now at 1B: Vicente Martínez
Now in LF: Mike Young
Now in RF: Juan Rico
Batting: RHB Alberto Velásquez 0-0: Called Strike
0-1: Ball
1-1: Ball
2-1: Ball
3-1: DOUBLE (Flyball, 9LD)
Batting: RHB Jeff Packard 0-0: Swinging Strike
0-1: SINGLE (Line Drive, 8RS)
Alberto Velásquez to third
Batting: RHB David Murray 0-0: Called Strike
0-1: Fielders Choice at 2nd, 5-4 (Groundball, 5L)
Alberto Velásquez scores
Batting: RHB Gilberto López 0-0: Called Strike
0-1: Ball
1-1: SINGLE (Line Drive, 9LS)
David Murray to second
Runner from 2nd tries for 3rd, SAFE, throw made to third
Pinch Hitting: LHB José Rodríguez 0-0: Called Strike
0-1: Called Strike
0-2: Grounds into double play, 6-4-3 (Groundball, 6)
Top of the 7th over - 1 run(s), 3 hit(s), 0 error(s), 1 left on base; Toronto 2 - Portland 10
BOTTOM OF THE 7TH
Portland Philospher Kings batting - Pitching for Toronto Titans : LHP Roberto Vázquez
Now at 2B: José Rodríguez
Batting: RHB Germán Rosales 0-0: Called Strike
0-1: Foul Ball, location: 2F
0-2: Ball
1-2: Ball
2-2: Foul Ball, location: 2F
2-2: Strikes out swinging
Batting: LHB Tom Blake 0-0: Ball
1-0: Ball
2-0: SINGLE (Groundball, 3L)
Batting: RHB Kazushige Aoki 0-0: Grounds into double play, U6-3 (Groundball, 6)
Bottom of the 7th over - 0 run(s), 1 hit(s), 0 error(s), 0 left on base; Toronto 2 - Portland 10
TOP OF THE 8TH
Toronto Titans batting - Pitching for Portland Philospher Kings : LHP Rob Greene
Batting: RHB Cris Fuentes 0-0: Called Strike
0-1: Ball
1-1: Foul Ball, location: 2F
1-2: Ground out 6-3 (Groundball, 6M)
Pinch Hitting: LHB Jorge Martínez 0-0: Ball
1-0: Ball
2-0: Ball
3-0: Called Strike
3-1: Foul Ball, location: 2F
3-2: Foul Ball, location: 2F
3-2: Ground out 1-3 (Groundball, 15S)
Batting: LHB Anacleto Morillo 0-0: Foul Ball, location: 2F
0-1: Ball
1-1: Swinging Strike
1-2: Ball
2-2: Strikes out looking
Top of the 8th over - 0 run(s), 0 hit(s), 0 error(s), 0 left on base; Toronto 2 - Portland 10
BOTTOM OF THE 8TH
Portland Philospher Kings batting - Pitching for Toronto Titans : LHP Roberto Vázquez
Pitching: RHP Ross Holley
Now at 2B: Jorge Martínez
Pinch Hitting: RHB Willie Houk 0-0: Ball
1-0: Ground out 6-3 (Groundball, 6)
Batting: RHB Elpidio Martinho 0-0: Foul Ball, location: 2F
0-1: Ball
1-1: Ball
2-1: Swinging Strike
2-2: Ball
3-2: Ground out 6-3 (Groundball, 6)
Batting: SHB Vicente Martínez 0-0: Ball
1-0: Called Strike
1-1: SINGLE (Groundball, 56)
Batting: RHB Carlos García 0-0: Foul Ball, location: 2F
0-1: Ball
1-1: Called Strike
1-2: Ball
2-2: Ball
3-2: Ground out 4-3 (Groundball, 4M)
Bottom of the 8th over - 0 run(s), 1 hit(s), 0 error(s), 1 left on base; Toronto 2 - Portland 10
TOP OF THE 9TH
Toronto Titans batting - Pitching for Portland Philospher Kings : LHP Rob Greene
Now at 3B: Willie Houk
Batting: RHB Manuel González 0-0: Swinging Strike
0-1: Fly out, F3 (Popup, 3DF)
Batting: RHB Alberto Velásquez 0-0: Fly out, F8 (Flyball, 8LD)
Pinch Hitting: LHB Kent MacDulothe 0-0: Ball
1-0: Foul Ball, location: 2F
1-1: Ball
2-1: Swinging Strike
2-2: Ball
3-2: DOUBLE (Flyball, 9LD)
Batting: RHB David Murray 0-0: Foul Ball, location: 2F
0-1: Foul Ball, location: 2F
0-2: Ground out 4-3 (Groundball, 13)
Top of the 9th over - 0 run(s), 1 hit(s), 0 error(s), 1 left on base; Toronto 2 - Portland 10
This league is powered by Out of the Park Baseball, the baseball management simulation game for PC, Mac and Linux
Saturday, April 9th, 2016 - OOTP Baseball 16.8 Build 38